 Dungeon Crawl Stone Soup version 0.31-a0-164-g2312942fda (webtiles) character file.

Game seed: 13383828697679032491

1085 dialectric the Slasher (level 8, -2/61 HPs)
             Began as a Demonspawn Fighter on June 14, 2023.
             Slain by Duvessa
             ... wielding a +0 short sword
              (9 damage)
             ... on level 5 of the Dungeon.
             The game lasted 00:06:21 (5033 turns).

dialectric the Slasher (Demonspawn Fighter)         Turns: 5033, Time: 00:06:22

Health: -2/61      AC: 10    Str: 18    XL:     8   Next: 9%
Magic:  8/8        EV: 10    Int:  9    God:
Gold:   261        SH:  0    Dex: 20    Spells: 7/7 levels left

rFire   + . .        a - +0 long sword
rCold   . . .        (no shield)
rNeg    . . .        b - +0 scale mail
rPois   .            (no helmet)
rElec   .            (no cloak)
rCorr   .            (no gloves)
SInv    .            C - +0 pair of boots
Will    .....        (no amulet) Stlth
                     e - ring of protection from fire
HPRegen 0.30/turn    h - +6 ring of dexterity
MPRegen 0.11/turn

%: no passive effects
@: no status effects
A: hooves 1, foul stench 1, sharp scales 2, demonic magic 1
a: no special abilities


You were on level 5 of the Dungeon.
You visited 1 branch of the dungeon, and saw 5 of its levels.
You also visited: Sewer.

You collected 261 gold pieces.

Inventory:

Hand Weapons
 a - a +0 long sword (weapon)
 k - a +3 dire flail of protection
 t - a +2 dagger of holy wrath
Missiles
 p - 12 poisoned darts
 r - 6 curare-tipped darts (quivered)
Armour
 b - a +0 scale mail (worn)
 c - a +0 buckler
 C - a +0 pair of boots (worn)
Jewellery
 e - a ring of protection from fire (left hand)
 h - a +6 ring of dexterity (right hand)
 i - a ring of resist corrosion
 j - a ring of see invisible
Wands
 u - a wand of digging (6)
Scrolls
 f - a scroll of revelation
 n - a scroll of immolation {unknown}
 q - a scroll of identify
 w - a scroll of enchant weapon {unknown}
 x - 3 scrolls of enchant armour {unknown}
 y - a scroll of amnesia {unknown}
 z - 3 scrolls of fear {unknown}
 A - a scroll of poison {unknown}
 D - a scroll of brand weapon {unknown}
Potions
 d - a potion of might
 g - a potion of degeneration {unknown}
 l - a potion of haste
 m - a potion of cancellation {unknown}
 o - 3 potions of enlightenment
 s - 2 potions of heal wounds
 v - a potion of curing {unknown}
 B - a potion of brilliance {unknown}


   Skills:
 + Level 4.5 Fighting
 + Level 5.4 Long Blades
 + Level 1.1 Throwing
 + Level 4.9 Armour
 + Level 1.9 Dodging
 - Level 0.2 Stealth
 * Level 4.5 Shields


You had 7 spell levels left.
You didn't know any spells.
Your spell library contained the following spells:

 Spells                   Type           Power      Damage    Failure   Level
 Freeze                   Ice            0%         1d3       77%         1
 Frozen Ramparts          Ice            0%         1d1       98%         3
 Hailstorm                Conj/Ice       0%         3d3       98%         3
 Stone Arrow              Conj/Erth      0%         3d7       98%         3
 Animate Armour           Summ/Erth      0%         N/A       100%        4
 Lehudib's Crystal Spear  Conj/Erth      0%         10d2      100%        8


Dungeon Overview and Level Annotations

Branches:
Dungeon (5/15)              Sewer (visited)
 Temple: D:4-7

Altars:
Fedhas
Gozag
Hepliaklqana
Sif Muna
Wu Jian

Annotations:
D:5 Duvessa


Innate Abilities, Weirdness & Mutations

You have large cloven feet.
You may rarely emit foul miasma when damaged in melee.
You are mostly covered in razor-sharp scales. (AC +2, Slay +2)
Spells you cast may paralyse adjacent enemies.


Message History

Dowan smirks and points a slender finger.
Dowan hits you but does no damage.
You slash Dowan! Your punch misses Dowan.
Dowan is moderately wounded.
Dowan hits you with a +0 dagger.
You slash Dowan!
Dowan is almost dead.
Dowan barely misses you.
You hit Dowan.
Dowan is almost dead.
Dowan casts a spell at Duvessa.
Duvessa seems to speed up.
Duvessa hits you with a +0 short sword. Dowan hits you but does no damage.
Duvessa hits you with a +0 short sword.
You barely miss Dowan.
Dowan is almost dead.
Duvessa hits you with a +0 short sword. Dowan hits you but does no damage.
You slash Dowan!
You kill Dowan!
Duvessa weeps, and shakes her weapon.
Duvessa goes berserk!
Duvessa hits you with a +0 short sword. x2
You hit Duvessa but do no damage. Duvessa barely misses you.
Duvessa hits you but does no damage.
You hit Duvessa but do no damage. Duvessa hits you with a +0 short sword!
You are too injured to fight recklessly!
You are too injured to fight recklessly!
You are too injured to fight recklessly!
You are too injured to fight recklessly!
You are too injured to fight recklessly!
You are too injured to fight recklessly!
Unknown command.
Duvessa hits you but does no damage.
You hear an angry hiss.
Duvessa attacks as you move away! Duvessa barely misses you.
Duvessa hits you with a +0 short sword!
* * * LOW HITPOINT WARNING * * *
Duvessa attacks as you move away! Duvessa hits you with a +0 short sword!
* * * LOW HITPOINT WARNING * * *
Duvessa attacks as you move away! Duvessa hits you but does no damage.
Duvessa hits you with a +0 short sword!
You die...

#......# #......#
#).....# #......#
######+##......#
#..............#
#..............#
#.....e........#
#....<@...>....#
#..............#
#......#########
#......# #......#
#......# #......#
#......#
#......###+##+#########


You could see Duvessa (berserk, fast).

Vanquished Creatures
  Edmund (D:5)
  2 water moccasins (D:5)
  An ogre (D:4)
  A scorpion (D:5)
  Dowan (D:5)
  2 hounds (D:5)
  A jelly (D:4)
  Jessica (D:3)
  A gnoll bouda (D:5)
  An iguana (D:5)
  Terence (D:2)
  3 orc wizards
  5 gnolls
  7 adders
  6 river rats (Sewer)
  A shadow imp (D:5)
  A white imp (D:5)
  2 worms
  2 dart slugs (D:2)
  7 orcs
  11 bats
  5 endoplasms
  4 giant cockroaches
  13 goblins
  3 hobgoblins
  10 jackals
  8 quokkas
  6 ball pythons
  7 frilled lizards
  9 kobolds
  5 rats
128 creatures vanquished.

Notes
Turn   | Place    | Note
-------+----------+-------------------------------------------
     0 | D:1      | dialectric the Demonspawn Fighter began the quest for the
                  | Orb.
     0 | D:1      | Reached XP level 1. HP: 18/18 MP: 1/1
   246 | D:1      | Gained mutation: You are partially covered in razor-sharp
                  | scales. (AC +1, Slay +1) [demonic ancestry]
   246 | D:1      | Reached XP level 2. HP: 18/24 MP: 2/2
   389 | D:1      | Reached skill level 2 in Long Blades
   912 | D:1      | Gained mutation: You have large cloven feet. [demonic
                  | ancestry]
   912 | D:1      | Reached XP level 3. HP: 20/29 MP: 3/3
  1178 | D:2      | Found a blossoming altar of Fedhas.
  1569 | D:3      | Gained mutation: You may rarely emit foul miasma when
                  | damaged in melee. [demonic ancestry]
  1569 | D:3      | Reached XP level 4. HP: 10/35 MP: 4/4
  1762 | D:3      | Found a shimmering blue altar of Sif Muna.
  1771 | D:3      | Found an opulent altar of Gozag.
  1771 | D:3      | Noticed Terence
  1797 | D:2      | Killed Terence
  1798 | D:2      | Reached skill level 3 in Long Blades
  1928 | D:3      | Noticed Jessica
  1953 | D:3      | Killed Jessica
  1954 | D:3      | Reached skill level 1 in Dodging
  1954 | D:3      | Reached XP level 5. HP: 31/41 MP: 5/5
  2278 | D:3      | Found a hazy altar of Hepliaklqana.
  2579 | D:4      | Found a glowing drain.
  2595 | Sewer    | Entered a sewer
  2981 | Sewer    | Reached XP level 6. HP: 31/48 MP: 6/6
  3081 | Sewer    | Reached skill level 4 in Long Blades
  3735 | D:4      | Found an ornate altar of the Wu Jian Council.
  3736 | D:4      | Found a blossoming altar of Fedhas.
  3866 | D:5      | Entered Level 5 of the Dungeon
  3960 | D:5      | Noticed Edmund
  3985 | D:5      | Killed Edmund
  3986 | D:5      | Gained mutation: You are mostly covered in razor-sharp
                  | scales. (AC +2, Slay +2) [demonic ancestry]
  3986 | D:5      | Reached XP level 7. HP: 21/54 MP: 7/7
  4413 | D:5      | Reached skill level 5 in Long Blades
  4413 | D:5      | Reached skill level 1 in Throwing
  4887 | D:5      | Gained mutation: Spells you cast may paralyse adjacent
                  | enemies. [demonic ancestry]
  4887 | D:5      | Reached XP level 8. HP: 43/61 MP: 8/8
  5016 | D:5      | Noticed Dowan
  5018 | D:5      | Noticed Duvessa
  5026 | D:5      | Killed Dowan
  5033 | D:5      | Slain by Duvessa

Illustrated notes

Levels and vault maps discovered:
D:1:      minmay_arrival_four_houses, layout_loops_corners,
          chequers_serial_rivers_small_3
D:2:      layout_rooms, basic_altar, grunt_ministairs_2, kennysheep_boxes
D:3:      layout_loops_ring, nicolae_hepliaklqana_hippocampus,
          mainiacjoe_overflow_large_starburst, uniq_jessica, uniq_terence
D:4:      layout_loops_cross, mainiacjoe_overflow_divided_tiny,
          gup_sewer_entry_bubbles, minmay_ogre_servants
D:5:      layout_gridville, minmay_increasing_density, uniq_prince_ribbit1,
          uniq_edmund, uniq_duvessa

Skill      XL: |  1  2  3  4  5  6  7 |
---------------+----------------------+-----
Long Blades    | 2 3 4 5 |  5.4
Armour         | 3 4 |  4.9
Dodging        | 1 |  1.9
Shields        | 3 4 |  4.5
Fighting       | 4 |  4.5
Throwing       | 1 |  1.1
Stealth        | |  0.2

Action                     |  1- 3 |  4- 6 |  7- 9 || total
---------------------------+-------+-------+-------++-------
  Melee: Long sword        |   122 |   167 |    81 ||   370
         Punch             |     1 |     1 |     1 ||     3
         Kick              |     8 |    23 |       ||    31
  Throw: Dart              |       |    19 |       ||    19
    Use: Scroll            |     1 |     2 |     2 ||     5
         Potion            |     1 |     1 |     1 ||     3
 Armour: Scale mail        |    79 |    98 |    40 ||   217
  Dodge: Dodged            |    75 |   115 |    45 ||   235

Table legend: (Time is in decaauts)
 A = Elapsed time spent in this place.
 B = Non-inter-level travel time spent in this place.
 C = Inter-level travel time spent in this place.
 D = Time resting spent in this place.
 E = Time spent auto-exploring this place.
 F = Levels seen in this place.
 G = Mean time per level.
                   A        B        C        D        E       F      G
               +--------+--------+--------+--------+--------+-----+--------+
         Total |   5319 |   5239 |     80 |    428 |   3572 |   6 |  886.5 |
       Dungeon |   4397 |   4317 |     80 |    378 |   2981 |   5 |  879.4 |
         Sewer |    922 |    922 |      0 |     50 |    591 |   1 |  922.0 |
               +--------+--------+--------+--------+--------+-----+--------+

Top non-repeatable levels by time:
     D:5: 1104 daAuts
     D:1: 942 daAuts
   Sewer: 922 daAuts
     D:4: 871 daAuts
     D:3: 791 daAuts
     D:2: 687 daAuts
